 Dungeon Sprint DCSS version 0.26.1-10-gdfb7c7de75 (webtiles) character file.

Game seed: 17510614379948456351

7500000 phalm the Axe Maniac (level 27, -54/249 HPs)
             Began as a Formicid Fighter on Apr 8, 2021.
             Was the Champion of Makhleb.
             Annihilated by a destroyer
             ... wielding a +9 vorpal great sword
              (110 damage)
             ... in the Dungeon (Sprint VIII: "Arena of Blood").
             The game lasted 00:05:01 (75 turns).

phalm the Axe Maniac (Formicid Fighter)               Turns: 75, Time: 00:05:02

Health: -54/249    AC: 13    Str: 34    XL:     27
Magic:  31/54      EV: 24    Int:  8    God:    Makhleb [******]
Gold:   0          SH: 20    Dex: 10    Spells: 80/80 levels left

rFire    . . .     SeeInvis +   h - +∞ Axe of Woe
rCold    . . .     Faith    .   c - +0 kite shield
rNeg     . . .     Spirit   .   b - +0 scale mail
rPois    .         Reflect  .   (helmet unavailable)
rElec    .         Harm     .   (no cloak)
rCorr    .         Rampage  .   (no gloves)
Will     ++...                  (no boots)
Stlth    ++++++++..             (no amulet)
HPRegen  0.51/turn              a - +250 ring of slaying
MPRegen  0.34/turn              j - +250 ring of slaying

@: no status effects
A: permanent stasis, dig shafts and tunnels, four strong arms, antennae 3
a: Dig, Renounce Religion, Minor Destruction, Lesser Servant of Makhleb, Major
Destruction, Greater Servant of Makhleb


You were in the Dungeon.
You worshipped Makhleb.
Makhleb was exalted by your worship.
You visited 1 branch

Inventory:

Hand Weapons
 h - the +∞ Axe of Woe (weapon)
   (You found it in the Dungeon)
Armour
 b - a +0 scale mail (worn)
 c - a +0 kite shield (worn)
Jewellery
 a - a +250 ring of slaying (left hand)
 i - a +30 ring of slaying
 j - a +250 ring of slaying (right hand)
 k - a +200 ring of slaying
Potions
 d - a potion of might
 e - a potion of curing
 f - a potion of heal wounds
 g - 2 potions of magic


   Skills:
 O Level 27 Fighting
 O Level 27 Short Blades
 O Level 27 Long Blades
 O Level 27 Axes
 O Level 27 Maces & Flails
 O Level 27 Polearms
 O Level 27 Staves
 O Level 27 Slings
 O Level 27 Bows
 O Level 27 Crossbows
 O Level 27 Throwing
 O Level 27 Armour
 O Level 27 Dodging
 O Level 27 Stealth
 O Level 27 Shields
 O Level 27 Unarmed Combat
 O Level 27 Spellcasting
 O Level 27 Conjurations
 O Level 27 Hexes
 O Level 27 Summonings
 O Level 27 Necromancy
 O Level 27 Translocations
 O Level 27 Transmutations
 O Level 27 Fire Magic
 O Level 27 Ice Magic
 O Level 27 Air Magic
 O Level 27 Earth Magic
 O Level 27 Poison Magic
 O Level 27 Invocations
 O Level 27 Evocations


You had 80 spell levels left.
You didn't know any spells.
Your spell library was empty.

Dungeon Overview and Level Annotations

Branches:
Dungeon (1/1)

Altars:
Makhleb


Innate Abilities, Weirdness & Mutations

You cannot be hasted, slowed, berserked, paralysed or teleported.
You can dig through walls and to a lower floor.
Your four strong arms can wield two-handed weapons with a shield.
You have a pair of large antennae on your head. (SInv)


Message History

You hear a shout! x2; You hear a roar!
You feel your intelligence returning.
You have mastered Maces & Flails!
You have mastered Polearms!
You cannot train any new skills!
A large bag of meat comes into view. It is wielding a +9 giant spiked club.
You are engulfed in blazing flames.
The meat beast bites you! You block the meat beast's attack.
You hear a shout!
The meat berserker rages.
You hear a shout! x3
The meat beast bites you. The meat beast tramples you!
* * * LOW HITPOINT WARNING * * *
You hold your ground!
The large abomination is engulfed in blazing flames.
You hear a shout! x2
The accursed casts a spell at you. Something smites you!
* * * LOW HITPOINT WARNING * * *
The destroyer hits you with a +9 vorpal great sword!!!!
You die...

..X........
...§.o..§
#..§....# ..
#.... ..# .
...###.M. ..###..
o......o###......
#....M)§§§.......
..{...#oVX§.#z..o
.{{{. #@☼O)_#{{ .
.{{{ o#2o§X.#{
#{{{..O..x.O.MO.o
.{{O...D###o..o..
.oo###.O.
{..###o. .{ #.○.
..# {. #... ..# {
.O... ... ...o ..


You could see 2 accurseds, a meat beast (fast), an eight-headed meat hydra, a
destroyer, 2 large bags of meat, 2 large abominations, 4 meat berserkers, 5 bags
of meat and a crawling corpse.

Vanquished Creatures
  4 hell beasts (D)
  A royal mummy (D)
  3 vampire knights (D)
  23 ogres (D)
  3 two-headed ogres (D)
  3 liches (D)
  24 orcs (D)
  3 skeletal warriors (D)
  2 large abominations (D)
  2 small abominations (D)
  6 crawling corpses (D)
74 creatures vanquished.

Vanquished Creatures (others)
  A crawling corpse (D)
1 creature vanquished.

Grand Total: 75 creatures vanquished

Notes
Turn   | Place    | Note
-------+----------+-------------------------------------------
     0 | D        | Found the +∞ Axe of Woe
     0 | D        | phalm the Formicid Fighter began the quest for the Orb.
     0 | D        | Reached XP level 1. HP: 18/18 MP: 1/1
     4 | D        | Became a worshipper of Makhleb the Destroyer
     5 | D        | Noticed a bag of meat
     5 | D        | Noticed a meat berserker
     5 | D        | Noticed a meat berserker
     6 | D        | Noticed a bag of meat
     6 | D        | Killed a bag of meat
     6 | D        | Noticed a meat berserker
     6 | D        | Noticed a bag of meat
     7 | D        | Reached skill level 15 in Shields
     7 | D        | Reached XP level 2. HP: 43/43 MP: 2/2
     7 | D        | Reached XP level 3. HP: 49/49 MP: 3/3
     7 | D        | Reached XP level 4. HP: 56/56 MP: 4/4
     7 | D        | Reached XP level 5. HP: 62/62 MP: 5/5
     7 | D        | Reached XP level 6. HP: 69/69 MP: 6/6
     7 | D        | Reached XP level 7. HP: 75/75 MP: 7/7
     7 | D        | Reached XP level 8. HP: 82/82 MP: 8/8
     7 | D        | Reached XP level 9. HP: 88/88 MP: 9/9
     7 | D        | Reached XP level 10. HP: 95/95 MP: 10/10
     7 | D        | Reached XP level 11. HP: 101/101 MP: 11/11
     7 | D        | Reached XP level 12. HP: 108/108 MP: 12/12
     7 | D        | Killed a bag of meat
     7 | D        | Reached * piety under Makhleb
     8 | D        | Reached XP level 13. HP: 119/119 MP: 13/13
     8 | D        | Killed a meat berserker
     9 | D        | Reached XP level 14. HP: 133/133 MP: 14/14
     9 | D        | Reached XP level 15. HP: 139/139 MP: 15/15
     9 | D        | Killed a meat berserker
     9 | D        | Noticed a meat berserker
    10 | D        | Reached XP level 16. HP: 150/150 MP: 16/16
    11 | D        | Killed a meat berserker
    11 | D        | Reached ** piety under Makhleb
    12 | D        | Reached skill level 27 in Axes
    14 | D        | Killed a meat berserker
    15 | D        | Reached skill level 27 in Shields
    15 | D        | Reached XP level 17. HP: 155/171 MP: 17/17
    15 | D        | Reached XP level 18. HP: 162/179 MP: 18/18
    16 | D        | Noticed a meat berserker
    18 | D        | Reached *** piety under Makhleb
    18 | D        | Noticed a meat berserker
    19 | D        | Reached skill level 27 in Fighting
    19 | D        | Reached skill level 27 in Armour
    20 | D        | Reached skill level 15 in Dodging
    22 | D        | Killed a meat berserker
    23 | D        | Reached XP level 19. HP: 189/189 MP: 19/19
    23 | D        | Killed a meat berserker
    23 | D        | Reached **** piety under Makhleb
    24 | D        | Reached skill level 27 in Dodging
    24 | D        | Noticed a meat berserker
    24 | D        | Noticed a meat berserker
    26 | D        | Killed a meat berserker
    27 | D        | Reached XP level 20. HP: 197/197 MP: 19/37
    28 | D        | Reached skill level 27 in Invocations
    28 | D        | Noticed a meat berserker
    29 | D        | Reached ***** piety under Makhleb
    30 | D        | Reached XP level 21. HP: 204/204 MP: 20/43
    30 | D        | Noticed a meat berserker
    30 | D        | Noticed a large bag of meat
    32 | D        | Reached skill level 27 in Stealth
    34 | D        | Killed a meat berserker
    35 | D        | Reached skill level 27 in Spellcasting
    35 | D        | Reached XP level 22. HP: 212/212 MP: 21/53
    36 | D        | Noticed a destroyer
    37 | D        | Killed a large bag of meat
    38 | D        | Reached XP level 23. HP: 171/219 MP: 22/54
    39 | D        | Killed a destroyer
    39 | D        | Reached ****** piety under Makhleb
    40 | D        | Reached skill level 27 in Hexes
    45 | D        | Noticed a tyrant
    47 | D        | Reached skill level 27 in Evocations
    47 | D        | Reached skill level 5 in Conjurations
    47 | D        | Reached skill level 5 in Summonings
    47 | D        | Reached skill level 5 in Necromancy
    47 | D        | Reached skill level 5 in Translocations
    47 | D        | Reached skill level 5 in Fire Magic
    47 | D        | Reached skill level 5 in Ice Magic
    47 | D        | Noticed a destroyer
    48 | D        | Reached skill level 10 in Summonings
    48 | D        | Reached skill level 10 in Necromancy
    48 | D        | Reached skill level 10 in Transmutations
    48 | D        | Reached skill level 10 in Fire Magic
    48 | D        | Reached skill level 10 in Ice Magic
    48 | D        | Reached XP level 24. HP: 227/227 MP: 24/54
    48 | D        | Killed a tyrant
    49 | D        | Reached skill level 15 in Earth Magic
    49 | D        | Reached XP level 25. HP: 234/234 MP: 25/54
    52 | D        | Reached skill level 15 in Summonings
    52 | D        | Reached skill level 15 in Necromancy
    52 | D        | Reached skill level 15 in Fire Magic
    52 | D        | Reached skill level 15 in Ice Magic
    52 | D        | Noticed a tyrant
    52 | D        | Noticed a tyrant
    54 | D        | Reached skill level 15 in Conjurations
    54 | D        | Reached skill level 15 in Translocations
    55 | D        | Reached XP level 26. HP: 242/242 MP: 26/54
    55 | D        | Noticed a large bag of meat
    57 | D        | Reached skill level 15 in Air Magic
    57 | D        | Noticed an accursed
    58 | D        | Noticed a destroyer
    58 | D        | Killed a tyrant
    58 | D        | Noticed a large bag of meat
    59 | D        | Reached XP level 27. HP: 249/249 MP: 27/54
    59 | D        | Noticed an accursed
    60 | D        | Noticed an accursed
    61 | D        | Killed a destroyer
    62 | D        | Reached skill level 27 in Earth Magic
    62 | D        | Reached skill level 27 in Poison Magic
    62 | D        | Killed a destroyer
    62 | D        | Noticed a meat beast
    63 | D        | Reached skill level 27 in Transmutations
    63 | D        | Killed a large bag of meat
    64 | D        | Noticed a meat beast
    64 | D        | Noticed a destroyer
    65 | D        | Killed a large bag of meat
    65 | D        | Noticed a large bag of meat
    66 | D        | Reached skill level 27 in Summonings
    66 | D        | Reached skill level 27 in Necromancy
    66 | D        | Reached skill level 27 in Fire Magic
    66 | D        | Reached skill level 27 in Ice Magic
    66 | D        | Noticed a meat beast
    67 | D        | Noticed a meat beast
    67 | D        | Noticed a meat beast
    68 | D        | Killed a meat beast
    68 | D        | Killed a meat beast
    69 | D        | Reached skill level 27 in Conjurations
    69 | D        | Reached skill level 27 in Translocations
    69 | D        | Reached skill level 27 in Air Magic
    69 | D        | Killed a meat beast
    70 | D        | Noticed a destroyer
    71 | D        | Noticed an accursed
    72 | D        | Killed a tyrant
    72 | D        | Killed a meat beast
    73 | D        | Reached skill level 27 in Short Blades
    73 | D        | Reached skill level 27 in Long Blades
    73 | D        | Reached skill level 27 in Staves
    73 | D        | Reached skill level 27 in Slings
    73 | D        | Reached skill level 27 in Crossbows
    73 | D        | Reached skill level 27 in Throwing
    73 | D        | Reached skill level 27 in Unarmed Combat
    74 | D        | Reached skill level 27 in Bows
    74 | D        | Killed an accursed
    75 | D        | Reached skill level 27 in Maces & Flails
    75 | D        | Reached skill level 27 in Polearms
    75 | D        | Noticed a large bag of meat
    75 | D        | Annihilated by a destroyer

Illustrated notes

Levels and vault maps discovered:
D:        meatsprint

Skill      XL: |  1  2  3  4  5  6  7  8  9 10 11 12 13 14 15 16 17 18 19 20 21 22 23 24 25 26 27 |
---------------+----------------------------------------------------------------------------------+-----
Fighting       | 14 16 19 20 26 27 | 27.0
Axes           | 17 20 23 25 27 | 27.0
Armour         | 14 16 19 20 26 27 | 27.0
Shields        | 15 17 20 22 27 | 27.0
Dodging        | 22 27 | 27.0
Invocations    | 26 27 | 27.0
Stealth        | 23 27 | 27.0
Spellcasting   | 18 27 | 27.0
Unarmed Combat | 9 27 | 27.0
Hexes          | 22 27 | 27.0
Evocations     | 20 27 | 27.0
Conjurations   | 9 12 15 19 27 | 27.0
Summonings     | 10 13 16 20 27 | 27.0
Necromancy     | 10 13 16 20 27 | 27.0
Translocations | 9 12 15 19 27 | 27.0
Transmutations | 10 14 17 22 27 | 27.0
Fire Magic     | 10 13 16 20 27 | 27.0
Ice Magic      | 10 13 16 20 27 | 27.0
Air Magic      | 8 11 14 18 27 | 27.0
Earth Magic    | 11 15 19 23 27 | 27.0
Poison Magic   | 12 16 20 25 27 | 27.0
Short Blades   | 27 | 27.0
Long Blades    | 27 | 27.0
Staves         | 27 | 27.0
Slings         | 27 | 27.0
Bows           | 27 | 27.0
Crossbows      | 27 | 27.0
Throwing       | 27 | 27.0
Maces & Flails | 27 | 27.0
Polearms       | 27 | 27.0

Action                   |  1- 3 |  4- 6 |  7- 9 | 10-12 | 13-15 | 16-18 | 19-21 | 22-24 | 25-27 || total
-------------------------+-------+-------+-------+-------+-------+-------+-------+-------+-------++-------
Melee: Executioner's axe |     1 |       |       |     1 |     2 |     5 |     6 |     5 |    18 ||    38
Armor: Scale mail        |     1 |       |       |       |       |       |       |       |       ||     1
Dodge: Dodged            |       |       |       |       |       |       |       |     1 |       ||     1
Block: Kite shield       |     1 |       |       |       |       |     1 |       |       |     1 ||     3
